 Dungeon Crawl Stone Soup version 0.26-a0-30-g56b8cd3df0 (webtiles) character file.

Game seed: 6117781047851245750, levelgen mode: deterministic

530 vurker the Conjurer (level 7, 49/56 HPs)
             Began as a Yellow Draconian Conjurer on May 29, 2020.
             Quit the game on level 4 of the Dungeon.
             The game lasted 00:07:02 (5387 turns).

vurker the Conjurer (Yellow Draconian Conjurer)     Turns: 5387, Time: 00:07:03

Health: 49/56      AC:  7    Str: 11    XL:     7   Next: 3%
Magic:  1/13       EV: 16    Int: 17    God:
Gold:   200        SH:  4    Dex: 11    Spells: 7/14 levels left

rFire    . . .     SeeInvis .   p - +3 short sword (elec)
rCold    . . .     Gourm    .   o - +0 buckler
rNeg     + . .     Faith    .   (armour unavailable)
rPois    .         Spirit   .   (helmet restricted)
rElec    .         Reflect  .   n - +0 cloak
rCorr    +         Harm     .   (no gloves)
MR       .....                  (no boots)
Stlth    ++........             (no amulet)
HPRegen  0.18/turn              d - ring of positive energy
MPRegen  0.13/turn              v - +4 ring of evasion

@: no status effects
A: spit acid, unfitting armour, cold-blooded, acid resistance, AC +6
a: Breathe Acid


You were on level 4 of the Dungeon.
You were not hungry.

You visited 1 branch of the dungeon, and saw 4 of its levels.
You also visited: Sewer.

You collected 200 gold pieces.

Inventory:

Hand Weapons
 p - a +3 short sword of electrocution (weapon)
   (You took it off a kobold on level 2 of the Dungeon)
Armour
 n - a +0 cloak (worn)
   (You found it on level 2 of the Dungeon)
 o - a +0 buckler (worn)
   (You found it on level 2 of the Dungeon)
Jewellery
 d - a ring of positive energy (left hand)
   (You found it on level 1 of the Dungeon)
 h - an uncursed ring of fire
   (You found it on level 1 of the Dungeon)
 v - a +4 ring of evasion (right hand)
   (You found it on level 3 of the Dungeon)
Scrolls
 g - a scroll of teleportation
 s - 2 scrolls of immolation
 t - 4 scrolls of blinking
 u - a scroll of fear
Potions
 a - a potion of heal wounds {unknown}
 b - a potion of resistance {unknown}
 c - a potion of mutation {unknown}
 f - 2 potions of haste
 j - 2 potions of brilliance
 k - a potion of degeneration {unknown}
 m - a potion of ambrosia {unknown}
 r - a potion of flight {unknown}
 A - a potion of curing {unknown}
Comestibles
 e - 8 rations


   Skills:
 + Level 2.9 Fighting
 - Level 1.7 Dodging
 - Level 1.7 Stealth
 * Level 3.0 Shields
 * Level 4.2 Spellcasting
 * Level 5.8 Conjurations


You had 7 spell levels left.
You knew the following spells:

 Your Spells              Type           Power        Failure   Level  Hunger
a - Magic Dart            Conj           ###.         1%          1    None
b - Searing Ray           Conj           ###...       2%          2    ##.....
c - Iskenderun's Mystic   Conj/Tloc      ##......     45%         4    ####...

Your spell library contained the following spells:

 Spells                   Type           Power        Failure   Level  Hunger
 Dazzling Flash           Conj/Hex       ##....       16%         3    ###....
 Fulminant Prism          Conj/Hex       ##........   45%         4    ####...


Dungeon Overview and Level Annotations

Branches:
Dungeon (4/15)              Sewer (visited)
 Temple: D:4-7

Altars:
Ashenzari
Trog
Uskayaw

Annotations:
D:3 1 runed translucent door, Sassenached's ghost, amateur DgWn


Innate Abilities, Weirdness & Mutations

You can spit globs of acid.
Your golden yellow scales are hard. (AC +6)
You cannot fit into any form of body armour.
You are cold-blooded and may be slowed by cold attacks.
You are resistant to acid. (rCorr)


Message History

An orc comes into view. It is wielding a +0 trident.
Aim: an orc, wielding a +0 dagger and wearing a +0 leather armour (heavily wounded)
The magic dart hits the orc.
You kill the orc!
Aim: an orc, wielding a +0 mace The magic dart hits the orc.
Aim: an orc, wielding a +0 mace (almost dead)
The magic dart hits the orc.
You kill the orc!
An orc comes into view. It is wielding a +0 flail.
Aim: an orc, wielding a +0 trident The magic dart hits the orc.
The orc shouts!
Aim: an orc, wielding a +0 trident (severely wounded)
The magic dart hits the orc.
You kill the orc!
An orc wizard comes into view. It is wielding a +0 dagger.
Aim: an orc, wielding a +0 flail The magic dart hits the orc.
Aim: an orc, wielding a +0 flail (almost dead)
The magic dart hits the orc.
You kill the orc!
Aim: an orc wizard, wielding a +0 dagger and wearing a +0 robe The magic dart hits the orc wizard but does no damage.
Aim: an orc wizard, wielding a +0 dagger and wearing a +0 robe The magic dart hits the orc wizard.
Aim: an orc wizard, wielding a +0 dagger and wearing a +0 robe (moderately wounded)
The magic dart hits the orc wizard.
Aim: an orc wizard, wielding a +0 dagger and wearing a +0 robe (moderately wounded)
The magic dart hits the orc wizard.
The orc wizard points at you and mumbles some strange words.
The magic dart hits you!
An orc wizard is nearby!
Aim: an orc wizard, wielding a +0 dagger and wearing a +0 robe (heavily wounded)
The magic dart hits the orc wizard.
You don't have enough magic to cast that spell.
You hit the orc wizard. The orc wizard barely misses you.
You puncture the orc wizard!
You kill the orc wizard!
Your Shields skill increases to level 3!
You have reached level 7!
Your scales start taking on a golden yellow colour.
You can spit globs of acid.
You feel resistant to acid.
Okay, then.
Okay, then.
Okay, then.
Unknown command.
Unknown command.
Unknown command.

#####..####.####.>#*********,,,**
,,**#..####.####..######****,,,**
,,,,#.....'.............,*,,,,,*,
,,,,#.....#.............,*,,,,,**
,,,,#.....#.............,*,,,,,**
,,,,#.....#.............,*,,,,,,*
,,,,#.....#.............,+,,,,,,*
,*,*#..####.####.##.##.,**+******
**,*####**#+#**#@#*,**,,**,,,,***
*,,,,,,,,........)...?.$,*,,,,,*,
*,,,,,,,,..........)....,*,,,,,*,
*****,,,*...##.....)....**,,,***,
**,,,,***##**#######)...**,,,***,
,,,,,,,* *,...$,,,,,,+,,
*******************,,...,,,,,,*,,
,,,,,,,,,,,,,,,,,,*,,,..,,,,,,*,,
,,,*,,,*,,,*,,,*,,*,,*,,****,**+*


There were no monsters in sight!

Vanquished Creatures
  2 ogres (D:4)
  A big kobold (Sewer)
  An orc wizard (D:4)
  A worker ant (D:4)
  4 gnolls (D:2)
  6 adders
  A river rat (Sewer)
  2 oozes (Sewer)
  6 worms
  4 leopard geckos
  6 orcs
  5 ball pythons
  4 bats
  A giant cockroach (D:1)
  12 goblins
  8 hobgoblins
  11 jackals
  3 quokkas
  2 frilled lizards (D:1)
  12 kobolds
  11 rats
103 creatures vanquished.

Notes
Turn   | Place    | Note
-------+----------+-------------------------------------------
     0 | D:1      | vurker the Draconian Conjurer began the quest for the Orb.
     0 | D:1      | Reached XP level 1. HP: 14/14 MP: 3/3
   200 | D:1      | Reached XP level 2. HP: 17/22 MP: 0/5
   443 | D:1      | You fall into a shaft and drop 1 floor!
   635 | D:2      | Reached skill level 1 in Fighting
   635 | D:2      | Reached XP level 3. HP: 13/28 MP: 1/6
  1599 | D:2      | Reached XP level 4. HP: 30/35 MP: 2/8
  2924 | D:3      | Found a glowing drain.
  2937 | Sewer    | Entered a sewer
  3067 | Sewer    | Learned a level 2 spell: Searing Ray
  3072 | Sewer    | Learned a level 4 spell: Iskenderun's Mystic Blast
  3117 | Sewer    | Reached skill level 1 in Shields
  3117 | Sewer    | Reached skill level 5 in Conjurations
  3391 | Sewer    | Reached XP level 5. HP: 41/41 MP: 3/9
  4235 | D:3      | Reached XP level 6. HP: 48/48 MP: 9/11
  4611 | D:3      | Noticed Sassenached's ghost (amateur DgWn)
  4613 | D:3      | Found a runed translucent door.
  4811 | D:3      | Found a hide-covered altar of Uskayaw.
  4935 | D:4      | Found a bloodstained altar of Trog.
  5072 | D:4      | Found a shattered altar of Ashenzari.
  5386 | D:4      | Your scales start taking on a golden yellow colour.
  5386 | D:4      | Reached XP level 7. HP: 48/56 MP: 0/13
  5386 | D:4      | Gained mutation: You are resistant to acid. (rCorr) [Yellow
                  | Draconian growth]
  5387 | D:4      | Quit the game

Illustrated notes

Levels and vault maps discovered:
D:1:      wander_arrival_peaceful_grave, layout_loops_cross
D:2:      wad_crossroads, layout_loops_ring
D:3:      layout_loops_corners, lemuel_doored_altar,
          cheibrodos_sewer_entry_sluice, ebering_ghost_inner_flame
D:4:      layout_gridville, lemuel_coloured_pillars_altar, ashenzari_altar_1,
          trog_butcher_becter

Skill      XL: |  1  2  3  4  5  6 |
---------------+-------------------+-----
Fighting       | 1 2 |  2.9
Spellcasting   | 3 4 |  4.2
Shields        | 1 2 3 |  3.0
Conjurations   | 5 |  5.8
Dodging        | |  1.7
Stealth        | |  1.7

Action                   |  1- 3 |  4- 6 |  7- 9 || total
-------------------------+-------+-------+-------++-------
Melee: Unarmed           |    38 |       |       ||    38
       Tailslap          |     3 |     1 |       ||     4
       Short sword       |    16 |    34 |       ||    50
 Cast: Magic Dart        |    60 |   167 |       ||   227
       Searing Ray       |       |     4 |       ||     4
  Use: Scroll            |       |    10 |       ||    10
  Eat: Chunk             |     2 |    13 |       ||    15
Armor: Skin              |    20 |    11 |       ||    31
Dodge: Dodged            |    45 |    37 |       ||    82
Block: Buckler           |       |     6 |       ||     6

Table legend:
 A = Non-vault XP
 B = Vault XP
 C = Vault XP percentage of total XP
 D = Non-vault monster count
 E = Vault monster count
 F = Vault count percentage of total count
                 A         B        C        D         E       F
            +---------+---------+-------+---------+---------+-------
      Total |     520 |     238 |  31.4 |      68 |      35 |  34.0
            +---------+---------+-------+---------+---------+-------
        D:1 |      59 |       0 |   0.0 |      28 |       0 |   0.0
        D:2 |      63 |      19 |  23.2 |       8 |       4 |  33.3
        D:3 |      61 |       3 |   4.7 |      22 |       2 |   8.3
        D:4 |     337 |       3 |   0.9 |      10 |       1 |   9.1
      Sewer |       0 |     213 | 100.0 |       0 |      28 | 100.0
            +---------+---------+-------+---------+---------+-------
